2783 views
Uploaded 2020-02-02 22:27:38
Game version 1.32 / 1.32.1
18:38 long 4on4 ladder game on (8)Feralas_LV
Saved by BEARAND
2783 views
Uploaded 2020-02-02 22:27:38
Game version 1.32 / 1.32.1
18:38 long 4on4 ladder game on (8)Feralas_LV


148 units @ 21.2k
/ 3k
77 buildings @ 9.6k
/ 4.2k
| Potion of Healing | 1 | 150 |
| total: | 1 | 150g |
| Peasant | 16 | 1200 | / | 0 |
| Footman | 5 | 675 | / | 0 |
| Rifleman | 4 | 820 | / | 120 |
| Gryphon Rider | 3 | 840 | / | 210 |
| Dragonhawk Rider | 1 | 200 | / | 30 |
| Knight | 2 | 490 | / | 120 |
| Ogre Mauler | 1 | 300 | / | 0 |
| total: | 32 | 4525g | / | 480w |
| Barracks | 1 | 160 | / | 60 |
| Lumber Mill | 1 | 120 | / | 0 |
| Farm | 10 | 800 | / | 200 |
| Altar of Kings | 1 | 180 | / | 50 |
| Blacksmith | 1 | 140 | / | 60 |
| Arcane Vault | 1 | 130 | / | 30 |
| Town Hall | 1 | 385 | / | 205 |
| Gryphon Aviary | 1 | 140 | / | 150 |
| Keep | 1 | 320 | / | 210 |
| Castle | 1 | 360 | / | 210 |
| total: | 17 | 2055g | / | 755w |
| 0:04 | Peasant |
| 0:13 | Barracks |
| 0:24 | Peasant |
| 0:26 | Peasant |
| 0:46 | Lumber Mill |
| 0:51 | Peasant |
| 1:02 | Peasant |
| 1:11 | Farm |
| 1:18 | Peasant |
| 1:30 | Altar of Kings |
| 1:38 | Peasant |
| 2:14 | Peasant |
| 2:19 | Farm |
| 2:25 | Defend |
| 2:33 | Peasant |
| 2:55 | Blacksmith |
| 2:59 | Peasant |
| 3:07 | Farm |
| 3:28 | Peasant |
| 3:29 | Peasant |
| 3:58 | Farm |
| 4:01 | Keep |
| 4:11 | Improved Masonry |
| 4:22 | Footman |
| 4:26 | Footman |
| 5:04 | Arcane Vault |
| 5:08 | Rifleman |
| 5:10 | Rifleman |
| 5:16 | Iron Forged Swords |
| 5:23 | Iron Plating |
| 6:29 | Rifleman |
| 6:34 | Improved Lumber Harvesting |
| 6:36 | Black Gunpowder |
| 6:50 | Farm |
| 6:55 | Farm |
| 7:00 | Long Rifles |
| 7:05 | Castle |
| 7:26 | Potion of Healing |
| 7:36 | Rifleman |
| 7:37 | Footman |
| 9:01 | Town Hall |
| 9:14 | Footman |
| 10:16 | Animal War Training |
| 10:23 | Gryphon Aviary |
| 11:09 | Farm |
| 12:32 | Gryphon Rider |
| 12:33 | Dragonhawk Rider |
| 12:38 | Knight |
| 14:07 | Peasant |
| 14:08 | Peasant |
| 14:08 | Peasant |
| 14:08 | Peasant |
| 14:19 | Gryphon Rider |
| 14:20 | Gryphon Rider |
| 14:29 | Farm |
| 14:30 | Farm |
| 14:36 | Footman |
| 14:39 | Knight |
| 14:52 | Studded Leather Armor |
| 15:33 | Farm |
| 15:50 | Refined Gunpowder |
| 15:53 | Steel Plating |
| 16:00 | Sundering Blades |
| 17:23 | Ogre Mauler |
| Right click | 184 |
| Select | 168 |
| Misc. action | 53 |
| Build/train/purchase | 51 |
| Remove unit | 3 |
| Esc | 2 |

| Wisp | 18 | 1080 | / | 0 |
| Huntress | 11 | 2145 | / | 220 |
| Dryad | 2 | 290 | / | 120 |
| Glaive Thrower | 4 | 840 | / | 260 |
| Chimaera | 2 | 660 | / | 140 |
| total: | 37 | 5015g | / | 740w |
| Altar of Elders | 1 | 180 | / | 50 |
| Moon Well | 6 | 1080 | / | 240 |
| Ancient of War | 2 | 300 | / | 120 |
| Hunter's Hall | 1 | 210 | / | 100 |
| Ancient of Wonders | 2 | 180 | / | 60 |
| Tree of Life | 1 | 340 | / | 185 |
| Ancient of Lore | 1 | 155 | / | 145 |
| Chimaera Roost | 2 | 280 | / | 380 |
| Tree of Ages | 2 | 640 | / | 360 |
| Tree of Eternity | 2 | 660 | / | 400 |
| total: | 16 | 2725g | / | 1280w |
| 0:05 | Altar of Elders |
| 0:08 | Moon Well |
| 0:08 | Wisp |
| 0:12 | Wisp |
| 0:25 | Wisp |
| 0:40 | Ancient of War |
| 0:42 | Wisp |
| 0:51 | Wisp |
| 1:10 | Wisp |
| 1:22 | Wisp |
| 1:35 | Wisp |
| 1:48 | Hunter's Hall |
| 2:02 | Moon Well |
| 2:05 | Force of Nature |
| 2:27 | Wisp |
| 2:36 | Ancient of War |
| 2:51 | Huntress |
| 2:55 | Strength of the Moon |
| 2:56 | Improved Strength of the Moon |
| 3:33 | Huntress |
| 3:41 | Huntress |
| 3:48 | Entangling Roots |
| 4:01 | Huntress |
| 4:04 | Tree of Ages |
| 4:28 | Moon Well |
| 4:41 | Moon Well |
| 5:21 | Huntress |
| 5:22 | Huntress |
| 5:38 | Huntress |
| 5:38 | Huntress |
| 6:18 | Thorns Aura |
| 6:26 | Huntress |
| 6:28 | Moon Glaive |
| 6:31 | Ancient of Wonders |
| 6:34 | Ancient of Lore |
| 6:51 | Tree of Life |
| 7:28 | Moon Well |
| 8:06 | Dryad |
| 8:06 | Dryad |
| 8:08 | Huntress |
| 8:08 | Huntress |
| 8:55 | Tree of Eternity |
| 9:32 | Force of Nature |
| 9:36 | Wisp |
| 9:36 | Wisp |
| 9:36 | Wisp |
| 9:37 | Wisp |
| 9:37 | Wisp |
| 9:45 | Wisp |
| 9:45 | Wisp |
| 9:45 | Wisp |
| 10:03 | Ancient of Wonders |
| 10:16 | Glaive Thrower |
| 10:16 | Glaive Thrower |
| 11:09 | Glaive Thrower |
| 11:11 | Glaive Thrower |
| 12:20 | Chimaera Roost |
| 12:22 | Chimaera Roost |
| 13:57 | Chimaera |
| 13:57 | Chimaera |
| 14:20 | Wisp |
| 14:24 | Moon Well |
| 14:54 | Corrosive Breath |
| Right click | 837 |
| Select | 207 |
| Select group | 137 |
| Misc. action | 73 |
| Build/train/purchase | 54 |
| Assign group | 22 |
| Use ability | 18 |
| Esc | 1 |

| Scroll of Regeneration | 1 | 100 |
| Potion of Healing | 1 | 150 |
| total: | 2 | 250g |
| Peasant | 8 | 600 | / | 0 |
| Footman | 10 | 1350 | / | 0 |
| Siege Engine | 10 | 1950 | / | 600 |
| total: | 28 | 3900g | / | 600w |
| Scout Tower | 9 | 270 | / | 180 |
| Guard Tower | 6 | 420 | / | 300 |
| Altar of Kings | 1 | 180 | / | 50 |
| Farm | 6 | 480 | / | 120 |
| Barracks | 1 | 160 | / | 60 |
| Lumber Mill | 1 | 120 | / | 0 |
| Arcane Vault | 1 | 130 | / | 30 |
| Blacksmith | 1 | 140 | / | 60 |
| Town Hall | 2 | 770 | / | 410 |
| Cannon Tower | 2 | 240 | / | 200 |
| Workshop | 2 | 280 | / | 280 |
| Keep | 1 | 320 | / | 210 |
| Castle | 1 | 360 | / | 210 |
| total: | 24 | 2530g | / | 1190w |
| 0:04 | Peasant |
| 0:14 | Altar of Kings |
| 0:18 | Farm |
| 0:20 | Peasant |
| 0:25 | Peasant |
| 0:33 | Farm |
| 1:04 | Peasant |
| 1:08 | Farm |
| 1:15 | Peasant |
| 1:41 | Barracks |
| 1:56 | Lumber Mill |
| 1:59 | Peasant |
| 2:07 | Peasant |
| 2:31 | Storm Bolt |
| 2:38 | Peasant |
| 2:46 | Scout Tower |
| 2:53 | Scout Tower |
| 2:55 | Farm |
| 3:01 | Footman |
| 3:01 | Footman |
| 3:26 | Footman |
| 3:57 | Scout Tower |
| 4:00 | Guard Tower |
| 4:28 | Farm |
| 4:31 | Guard Tower |
| 4:49 | Arcane Vault |
| 4:51 | Footman |
| 5:03 | Improved Masonry |
| 5:05 | Keep |
| 5:14 | Footman |
| 5:49 | Bash |
| 6:00 | Farm |
| 6:15 | Scout Tower |
| 6:24 | Scroll of Regeneration |
| 6:35 | Footman |
| 6:36 | Defend |
| 6:49 | Guard Tower |
| 7:04 | Blacksmith |
| 7:07 | Footman |
| 7:34 | Improved Lumber Harvesting |
| 7:58 | Footman |
| 8:23 | Iron Plating |
| 8:26 | Castle |
| 8:50 | Footman |
| 8:50 | Footman |
| 10:22 | Town Hall |
| 10:37 | Storm Bolt |
| 11:02 | Potion of Healing |
| 11:22 | Workshop |
| 11:54 | Workshop |
| 12:37 | Siege Engine |
| 12:49 | Barrage |
| 13:03 | Siege Engine |
| 13:06 | Siege Engine |
| 13:08 | Siege Engine |
| 13:10 | Siege Engine |
| 14:07 | Siege Engine |
| 14:07 | Siege Engine |
| 14:52 | Scout Tower |
| 14:58 | Scout Tower |
| 15:05 | Scout Tower |
| 15:27 | Siege Engine |
| 15:27 | Siege Engine |
| 15:28 | Siege Engine |
| 15:35 | Scout Tower |
| 15:39 | Guard Tower |
| 15:40 | Guard Tower |
| 15:48 | Trueshot Aura |
| 15:56 | Scout Tower |
| 15:59 | Guard Tower |
| 16:31 | Cannon Tower |
| 16:33 | Cannon Tower |
| 16:38 | Town Hall |
| Right click | 343 |
| Select | 231 |
| Build/train/purchase | 57 |
| Use ability | 14 |
| Esc | 4 |
| Assign group | 3 |
| Select group | 3 |
| Misc. action | 1 |
| Minimap ping | 1 |

| Scroll of Regeneration | 2 | 200 |
| Dust of Appearance | 1 | 75 |
| total: | 3 | 275g |
| Peasant | 15 | 1125 | / | 0 |
| Footman | 3 | 405 | / | 0 |
| Rifleman | 18 | 3690 | / | 540 |
| Mortar Team | 6 | 1080 | / | 420 |
| Priest | 7 | 945 | / | 70 |
| Siege Engine | 1 | 195 | / | 60 |
| Chimaera | 1 | 330 | / | 70 |
| total: | 51 | 7770g | / | 1160w |
| Scout Tower | 2 | 60 | / | 40 |
| Arcane Tower | 2 | 140 | / | 100 |
| Altar of Kings | 1 | 180 | / | 50 |
| Farm | 10 | 800 | / | 200 |
| Barracks | 1 | 160 | / | 60 |
| Blacksmith | 1 | 140 | / | 60 |
| Arcane Vault | 1 | 130 | / | 30 |
| Lumber Mill | 1 | 120 | / | 0 |
| Town Hall | 1 | 385 | / | 205 |
| Arcane Sanctum | 1 | 150 | / | 140 |
| Workshop | 1 | 140 | / | 140 |
| Keep | 1 | 320 | / | 210 |
| Castle | 1 | 360 | / | 210 |
| total: | 20 | 2265g | / | 925w |
| 0:05 | Peasant |
| 0:05 | Peasant |
| 0:07 | Altar of Kings |
| 0:09 | Farm |
| 0:28 | Barracks |
| 0:32 | Peasant |
| 0:52 | Peasant |
| 0:59 | Farm |
| 1:01 | Peasant |
| 1:24 | Peasant |
| 1:41 | Blacksmith |
| 1:44 | Peasant |
| 1:44 | Peasant |
| 1:56 | Farm |
| 2:01 | Footman |
| 2:13 | Footman |
| 2:18 | Flame Strike |
| 2:28 | Footman |
| 2:31 | Farm |
| 3:10 | Rifleman |
| 3:16 | Farm |
| 3:26 | Keep |
| 3:49 | Rifleman |
| 3:53 | Siphon Mana |
| 4:01 | Arcane Vault |
| 4:17 | Rifleman |
| 4:42 | Rifleman |
| 5:00 | Rifleman |
| 5:09 | Farm |
| 5:16 | Scroll of Regeneration |
| 5:36 | Scout Tower |
| 5:41 | Rifleman |
| 5:55 | Arcane Sanctum |
| 6:03 | Arcane Tower |
| 6:33 | Lumber Mill |
| 6:57 | Rifleman |
| 7:03 | Siphon Mana |
| 7:20 | Scroll of Regeneration |
| 7:40 | Rifleman |
| 7:41 | Rifleman |
| 7:43 | Peasant |
| 7:43 | Peasant |
| 7:43 | Peasant |
| 8:31 | Rifleman |
| 8:46 | Town Hall |
| 9:17 | Peasant |
| 9:17 | Peasant |
| 9:17 | Peasant |
| 9:18 | Peasant |
| 9:24 | Priest Adept Training |
| 9:36 | Magic Sentry |
| 9:50 | Workshop |
| 10:09 | Rifleman |
| 10:31 | Rifleman |
| 11:03 | Mortar Team |
| 11:09 | Farm |
| 11:22 | Priest |
| 11:22 | Priest |
| 11:34 | Mortar Team |
| 11:40 | Black Gunpowder |
| 11:44 | Long Rifles |
| 11:47 | Farm |
| 11:49 | Farm |
| 11:51 | Rifleman |
| 12:22 | Castle |
| 12:23 | Priest |
| 12:24 | Priest |
| 12:33 | Scout Tower |
| 12:52 | Mortar Team |
| 13:02 | Farm |
| 13:05 | Refined Gunpowder |
| 13:09 | Arcane Tower |
| 14:10 | Mortar Team |
| 14:10 | Mortar Team |
| 14:26 | Dust of Appearance |
| 14:39 | Priest |
| 14:39 | Priest |
| 14:40 | Priest |
| 14:42 | Mortar Team |
| 14:46 | Siege Engine |
| 14:56 | Rifleman |
| 15:26 | Rifleman |
| 15:57 | Chimaera |
| 16:08 | Rifleman |
| 16:08 | Rifleman |
| 16:08 | Rifleman |
| Right click | 524 |
| Select group | 274 |
| Select | 271 |
| Misc. action | 75 |
| Build/train/purchase | 71 |
| Assign group | 29 |
| Use ability | 24 |
| Remove unit | 2 |
| Esc | 2 |
| Minimap ping | 1 |
80 units @ 6.9k
/ 0.3k
203 buildings @ 13.8k
/ 7.5k



| Staff of Sanctuary | 3 | 750 |
| Potion of Mana | 4 | 800 |
| Boots of Speed | 3 | 750 |
| Staff of Teleportation | 4 | 600 |
| Healing Salve | 1 | 100 |
| Orb of Lightning | 2 | 750 |
| total: | 17 | 3750g |
| Peasant | 16 | 1200 | / | 0 |
| Priest | 1 | 135 | / | 10 |
| Sorceress | 2 | 310 | / | 40 |
| total: | 19 | 1645g | / | 50w |
| Scout Tower | 54 | 1620 | / | 1080 |
| Arcane Tower | 5 | 350 | / | 250 |
| Guard Tower | 22 | 1540 | / | 1100 |
| Altar of Kings | 2 | 360 | / | 100 |
| Farm | 5 | 400 | / | 100 |
| Lumber Mill | 1 | 120 | / | 0 |
| Town Hall | 1 | 385 | / | 205 |
| Arcane Vault | 3 | 390 | / | 90 |
| Blacksmith | 1 | 140 | / | 60 |
| Barracks | 1 | 160 | / | 60 |
| Arcane Sanctum | 1 | 150 | / | 140 |
| Gryphon Aviary | 1 | 140 | / | 150 |
| Keep | 1 | 320 | / | 210 |
| Castle | 1 | 360 | / | 210 |
| total: | 70 | 3865g | / | 1985w |
| 0:01 | Peasant |
| 0:01 | Peasant |
| 0:06 | Altar of Kings |
| 0:08 | Altar of Kings |
| 0:17 | Farm |
| 0:22 | Peasant |
| 0:25 | Peasant |
| 0:33 | Farm |
| 0:47 | Farm |
| 1:04 | Lumber Mill |
| 1:27 | Scout Tower |
| 1:30 | Peasant |
| 1:33 | Peasant |
| 1:33 | Peasant |
| 1:41 | Scout Tower |
| 1:57 | Arcane Tower |
| 1:58 | Scout Tower |
| 2:09 | Blizzard |
| 2:12 | Peasant |
| 2:12 | Peasant |
| 2:24 | Peasant |
| 2:32 | Guard Tower |
| 2:43 | Peasant |
| 2:43 | Peasant |
| 2:48 | Guard Tower |
| 2:58 | Scout Tower |
| 2:59 | Peasant |
| 3:08 | Brilliance Aura |
| 3:13 | Scout Tower |
| 3:25 | Guard Tower |
| 3:27 | Scout Tower |
| 3:28 | Peasant |
| 3:33 | Scout Tower |
| 4:21 | Guard Tower |
| 4:23 | Keep |
| 4:24 | Scout Tower |
| 5:13 | Town Hall |
| 5:14 | Guard Tower |
| 5:15 | Scout Tower |
| 5:15 | Scout Tower |
| 5:23 | Boots of Speed |
| 5:36 | Scout Tower |
| 5:37 | Scout Tower |
| 5:38 | Scout Tower |
| 5:40 | Scout Tower |
| 5:42 | Scout Tower |
| 5:42 | Guard Tower |
| 5:44 | Improved Masonry |
| 5:44 | Advanced Masonry |
| 5:48 | Farm |
| 5:48 | Farm |
| 6:06 | Guard Tower |
| 6:33 | Blizzard |
| 6:46 | Imbued Masonry |
| 6:48 | Improved Lumber Harvesting |
| 6:50 | Arcane Sanctum |
| 7:00 | Healing Salve |
| 7:15 | Staff of Teleportation |
| 7:15 | Staff of Teleportation |
| 7:41 | Storm Bolt |
| 7:51 | Castle |
| 8:42 | Magic Sentry |
| 8:42 | Priest |
| 8:43 | Scout Tower |
| 8:44 | Scout Tower |
| 8:44 | Scout Tower |
| 8:45 | Scout Tower |
| 8:46 | Guard Tower |
| 8:49 | Scout Tower |
| 8:50 | Scout Tower |
| 8:50 | Scout Tower |
| 8:51 | Scout Tower |
| 8:52 | Scout Tower |
| 8:53 | Scout Tower |
| 8:54 | Scout Tower |
| 8:59 | Guard Tower |
| 9:14 | Staff of Teleportation |
| 9:34 | Boots of Speed |
| 9:43 | Arcane Tower |
| 9:44 | Guard Tower |
| 9:59 | Arcane Vault |
| 10:01 | Arcane Vault |
| 10:02 | Guard Tower |
| 10:06 | Peasant |
| 10:07 | Peasant |
| 10:53 | Bash |
| 11:17 | Guard Tower |
| 11:19 | Scout Tower |
| 11:19 | Scout Tower |
| 11:20 | Scout Tower |
| 11:22 | Scout Tower |
| 11:22 | Scout Tower |
| 11:23 | Scout Tower |
| 11:25 | Scout Tower |
| 11:49 | Guard Tower |
| 11:49 | Guard Tower |
| 12:04 | Holy Light |
| 12:05 | Staff of Sanctuary |
| 12:08 | Orb of Lightning |
| 12:20 | Scout Tower |
| 12:21 | Scout Tower |
| 12:21 | Scout Tower |
| 12:22 | Scout Tower |
| 12:23 | Staff of Sanctuary |
| 12:57 | Guard Tower |
| 13:06 | Sorceress |
| 13:06 | Sorceress |
| 13:06 | Sorceress Adept Training |
| 13:14 | Guard Tower |
| 13:50 | Arcane Tower |
| 13:53 | Advanced Lumber Harvesting |
| 14:04 | Arcane Tower |
| 14:12 | Orb of Lightning |
| 14:14 | Staff of Sanctuary |
| 14:42 | Scout Tower |
| 14:43 | Scout Tower |
| 14:43 | Scout Tower |
| 14:44 | Scout Tower |
| 14:46 | Scout Tower |
| 14:47 | Scout Tower |
| 14:47 | Scout Tower |
| 14:48 | Scout Tower |
| 14:50 | Guard Tower |
| 14:55 | Scout Tower |
| 14:55 | Scout Tower |
| 14:56 | Scout Tower |
| 14:56 | Scout Tower |
| 14:57 | Scout Tower |
| 14:58 | Scout Tower |
| 14:58 | Scout Tower |
| 14:59 | Scout Tower |
| 14:59 | Scout Tower |
| 15:05 | Boots of Speed |
| 15:06 | Staff of Teleportation |
| 16:07 | Brilliance Aura |
| 16:26 | Divine Shield |
| 16:56 | Guard Tower |
| 16:59 | Guard Tower |
| 17:00 | Arcane Vault |
| 17:02 | Gryphon Aviary |
| 17:04 | Blacksmith |
| 17:05 | Barracks |
| 17:25 | Potion of Mana |
| 17:26 | Potion of Mana |
| 17:37 | Potion of Mana |
| 17:37 | Potion of Mana |
| Right click | 1702 |
| Select | 453 |
| Select group | 249 |
| Build/train/purchase | 147 |
| Use ability | 61 |
| Chat | 19 |
| Item give/drop | 13 |
| Assign group | 12 |
| Misc. action | 7 |
| Minimap ping | 7 |
| Remove unit | 1 |


| Healing Salve | 4 | 400 |
| Lesser Clarity Potion | 1 | 70 |
| Boots of Speed | 2 | 500 |
| Staff of Teleportation | 2 | 300 |
| total: | 9 | 1270g |
| Peon | 18 | 1350 | / | 0 |
| Troll Batrider | 6 | 960 | / | 240 |
| total: | 24 | 2310g | / | 240w |
| Watch Tower | 24 | 2640 | / | 1920 |
| Altar of Storms | 1 | 180 | / | 50 |
| Orc Burrow | 3 | 480 | / | 120 |
| War Mill | 1 | 205 | / | 0 |
| Voodoo Lounge | 4 | 520 | / | 120 |
| Great Hall | 1 | 385 | / | 185 |
| Beastiary | 4 | 580 | / | 560 |
| Stronghold | 1 | 315 | / | 190 |
| Fortress | 1 | 325 | / | 190 |
| total: | 38 | 4990g | / | 2955w |
| 0:02 | Peon |
| 0:02 | Peon |
| 0:05 | Altar of Storms |
| 0:18 | Orc Burrow |
| 0:21 | Peon |
| 0:34 | Peon |
| 0:49 | War Mill |
| 0:52 | Peon |
| 1:03 | Peon |
| 1:09 | Voodoo Lounge |
| 1:15 | Peon |
| 1:23 | Peon |
| 1:39 | Peon |
| 1:57 | Orc Burrow |
| 2:00 | Peon |
| 2:05 | Watch Tower |
| 2:09 | Wind Walk |
| 2:13 | Healing Salve |
| 2:22 | Peon |
| 2:33 | Peon |
| 2:40 | Watch Tower |
| 2:51 | Peon |
| 2:52 | Peon |
| 3:07 | Watch Tower |
| 3:57 | Critical Strike |
| 4:00 | Watch Tower |
| 4:03 | Stronghold |
| 4:12 | Watch Tower |
| 4:50 | Great Hall |
| 5:00 | Boots of Speed |
| 5:00 | Staff of Teleportation |
| 5:05 | Watch Tower |
| 5:34 | Watch Tower |
| 5:43 | Orc Burrow |
| 5:54 | Healing Salve |
| 6:01 | Voodoo Lounge |
| 6:03 | Voodoo Lounge |
| 6:12 | Watch Tower |
| 6:36 | Wind Walk |
| 6:39 | Watch Tower |
| 7:39 | Watch Tower |
| 7:47 | Peon |
| 7:54 | Watch Tower |
| 8:01 | Peon |
| 8:12 | Peon |
| 8:31 | Peon |
| 8:45 | Watch Tower |
| 8:59 | Beastiary |
| 9:02 | Beastiary |
| 9:03 | Fortress |
| 9:11 | Watch Tower |
| 9:17 | Reinforced Defenses |
| 9:48 | Beastiary |
| 9:55 | Watch Tower |
| 10:11 | Voodoo Lounge |
| 10:14 | Watch Tower |
| 10:26 | Hex |
| 11:12 | Watch Tower |
| 11:19 | Watch Tower |
| 11:32 | Boots of Speed |
| 11:33 | Staff of Teleportation |
| 11:53 | Critical Strike |
| 11:59 | Liquid Fire |
| 12:02 | Beastiary |
| 12:29 | Healing Salve |
| 12:36 | Watch Tower |
| 12:39 | Watch Tower |
| 12:48 | Troll Batrider |
| 12:53 | Steel Ranged Weapons |
| 14:24 | Troll Batrider |
| 14:30 | Watch Tower |
| 14:32 | Watch Tower |
| 14:43 | Steel Armor |
| 15:01 | Troll Batrider |
| 16:09 | Watch Tower |
| 16:13 | Watch Tower |
| 16:49 | Healing Salve |
| 16:54 | Lesser Clarity Potion |
| 17:12 | Thorium Ranged Weapons |
| 17:48 | Troll Batrider |
| 18:05 | Wind Walk |
| 18:06 | Healing Wave |
| 18:07 | Troll Batrider |
| 18:08 | Troll Batrider |
| 18:16 | Watch Tower |
| Right click | 1346 |
| Select | 278 |
| Select group | 114 |
| Build/train/purchase | 70 |
| Use ability | 40 |
| Misc. action | 32 |
| Assign group | 8 |
| Item give/drop | 8 |
| Minimap ping | 6 |
| Esc | 2 |
| Remove unit | 1 |


| Boots of Speed | 1 | 250 |
| Staff of Teleportation | 1 | 150 |
| total: | 2 | 400g |
| Peasant | 13 | 975 | / | 0 |
| total: | 13 | 975g | / | 0w |
| Scout Tower | 31 | 930 | / | 620 |
| Guard Tower | 20 | 1400 | / | 1000 |
| Lumber Mill | 1 | 120 | / | 0 |
| Altar of Kings | 1 | 180 | / | 50 |
| Farm | 2 | 160 | / | 40 |
| Barracks | 1 | 160 | / | 60 |
| Town Hall | 1 | 385 | / | 205 |
| Blacksmith | 2 | 280 | / | 120 |
| Keep | 1 | 320 | / | 210 |
| Castle | 1 | 360 | / | 210 |
| total: | 39 | 2215g | / | 1095w |
| 0:05 | Peasant |
| 0:05 | Peasant |
| 0:05 | Peasant |
| 0:15 | Lumber Mill |
| 0:34 | Altar of Kings |
| 0:52 | Farm |
| 1:47 | Farm |
| 2:11 | Peasant |
| 2:25 | Scout Tower |
| 2:52 | Scout Tower |
| 2:57 | Flame Strike |
| 3:06 | Barracks |
| 3:25 | Scout Tower |
| 3:33 | Guard Tower |
| 3:47 | Peasant |
| 3:47 | Peasant |
| 3:48 | Peasant |
| 3:48 | Peasant |
| 3:55 | Scout Tower |
| 3:57 | Scout Tower |
| 3:58 | Guard Tower |
| 4:07 | Scout Tower |
| 4:33 | Guard Tower |
| 4:34 | Scout Tower |
| 4:51 | Guard Tower |
| 5:26 | Town Hall |
| 5:32 | Scout Tower |
| 5:44 | Scout Tower |
| 6:00 | Guard Tower |
| 6:10 | Scout Tower |
| 6:15 | Scout Tower |
| 6:28 | Guard Tower |
| 6:41 | Guard Tower |
| 6:45 | Scout Tower |
| 6:47 | Scout Tower |
| 6:55 | Guard Tower |
| 7:17 | Scout Tower |
| 7:25 | Scout Tower |
| 7:59 | Keep |
| 8:22 | Scout Tower |
| 8:24 | Guard Tower |
| 8:44 | Guard Tower |
| 9:02 | Blacksmith |
| 9:06 | Blacksmith |
| 9:38 | Guard Tower |
| 9:43 | Peasant |
| 9:43 | Peasant |
| 9:43 | Peasant |
| 9:43 | Peasant |
| 9:43 | Peasant |
| 9:47 | Scout Tower |
| 10:06 | Scout Tower |
| 10:07 | Scout Tower |
| 10:09 | Scout Tower |
| 10:28 | Boots of Speed |
| 10:49 | Banish |
| 11:46 | Scout Tower |
| 11:50 | Guard Tower |
| 11:56 | Scout Tower |
| 12:05 | Guard Tower |
| 12:15 | Guard Tower |
| 12:19 | Scout Tower |
| 12:35 | Castle |
| 12:38 | Improved Lumber Harvesting |
| 12:48 | Scout Tower |
| 12:53 | Scout Tower |
| 12:54 | Guard Tower |
| 13:15 | Guard Tower |
| 13:17 | Scout Tower |
| 13:21 | Guard Tower |
| 13:22 | Scout Tower |
| 13:36 | Staff of Teleportation |
| 13:42 | Improved Masonry |
| 13:50 | Blizzard |
| 13:58 | Scout Tower |
| 13:59 | Guard Tower |
| 14:02 | Scout Tower |
| 14:03 | Guard Tower |
| 14:39 | Guard Tower |
| 14:40 | Scout Tower |
| 14:44 | Scout Tower |
| 14:47 | Iron Forged Swords |
| 14:47 | Iron Plating |
| 14:47 | Black Gunpowder |
| Right click | 216 |
| Select | 201 |
| Select group | 70 |
| Build/train/purchase | 48 |
| Use ability | 8 |
| Assign group | 2 |
| Misc. action | 1 |



| Lesser Clarity Potion | 1 | 70 |
| Staff of Sanctuary | 2 | 500 |
| Scroll of Regeneration | 1 | 100 |
| Scroll of Town Portal | 1 | 350 |
| Boots of Speed | 3 | 750 |
| Staff of Teleportation | 2 | 300 |
| Healing Salve | 2 | 200 |
| Orb of Lightning | 1 | 375 |
| total: | 13 | 2645g |
| Peasant | 22 | 1650 | / | 0 |
| Sorceress | 1 | 155 | / | 20 |
| Priest | 1 | 135 | / | 10 |
| total: | 24 | 1940g | / | 30w |
| Scout Tower | 46 | 1380 | / | 920 |
| Guard Tower | 9 | 630 | / | 450 |
| Arcane Tower | 1 | 70 | / | 50 |
| Altar of Kings | 1 | 180 | / | 50 |
| Farm | 5 | 400 | / | 100 |
| Lumber Mill | 1 | 120 | / | 0 |
| Town Hall | 1 | 385 | / | 205 |
| Arcane Vault | 1 | 130 | / | 30 |
| Arcane Sanctum | 1 | 150 | / | 140 |
| Keep | 1 | 320 | / | 210 |
| Castle | 1 | 360 | / | 210 |
| total: | 56 | 2745g | / | 1445w |
| 0:02 | Peasant |
| 0:02 | Peasant |
| 0:07 | Altar of Kings |
| 0:10 | Farm |
| 0:12 | Peasant |
| 0:21 | Peasant |
| 0:38 | Farm |
| 0:40 | Peasant |
| 0:52 | Peasant |
| 1:04 | Lumber Mill |
| 1:07 | Peasant |
| 1:12 | Peasant |
| 1:30 | Peasant |
| 1:40 | Peasant |
| 1:55 | Peasant |
| 2:04 | Scout Tower |
| 2:05 | Scout Tower |
| 2:07 | Blizzard |
| 2:09 | Peasant |
| 2:09 | Peasant |
| 2:24 | Peasant |
| 2:30 | Farm |
| 2:32 | Guard Tower |
| 2:33 | Scout Tower |
| 2:34 | Scout Tower |
| 2:39 | Scout Tower |
| 3:09 | Guard Tower |
| 3:11 | Peasant |
| 3:20 | Brilliance Aura |
| 3:28 | Town Hall |
| 4:02 | Peasant |
| 4:18 | Peasant |
| 4:20 | Scout Tower |
| 4:22 | Scout Tower |
| 4:25 | Scout Tower |
| 4:31 | Peasant |
| 4:31 | Peasant |
| 4:41 | Boots of Speed |
| 4:44 | Staff of Teleportation |
| 4:49 | Arcane Tower |
| 4:51 | Scout Tower |
| 4:51 | Scout Tower |
| 4:52 | Scout Tower |
| 4:54 | Peasant |
| 5:13 | Keep |
| 5:15 | Improved Masonry |
| 5:23 | Guard Tower |
| 5:24 | Peasant |
| 5:24 | Peasant |
| 5:28 | Guard Tower |
| 5:34 | Arcane Vault |
| 6:13 | Guard Tower |
| 6:15 | Healing Salve |
| 6:26 | Scout Tower |
| 6:26 | Scout Tower |
| 6:26 | Scout Tower |
| 6:27 | Scout Tower |
| 6:27 | Scout Tower |
| 6:28 | Scout Tower |
| 6:31 | Scout Tower |
| 6:31 | Scout Tower |
| 6:32 | Scout Tower |
| 6:33 | Scout Tower |
| 6:55 | Guard Tower |
| 7:01 | Blizzard |
| 7:36 | Castle |
| 7:51 | Guard Tower |
| 7:56 | Improved Lumber Harvesting |
| 7:56 | Advanced Masonry |
| 8:39 | Arcane Sanctum |
| 9:17 | Brilliance Aura |
| 9:33 | Flame Strike |
| 9:42 | Scout Tower |
| 9:43 | Scout Tower |
| 9:43 | Scout Tower |
| 9:45 | Scout Tower |
| 9:45 | Scout Tower |
| 9:46 | Scout Tower |
| 9:47 | Scout Tower |
| 9:53 | Scout Tower |
| 9:55 | Scout Tower |
| 9:55 | Scout Tower |
| 9:56 | Scout Tower |
| 9:57 | Scout Tower |
| 9:58 | Scout Tower |
| 10:06 | Scout Tower |
| 10:07 | Scout Tower |
| 10:07 | Scout Tower |
| 10:12 | Rain of Fire |
| 10:57 | Scout Tower |
| 10:57 | Scout Tower |
| 10:58 | Scout Tower |
| 10:58 | Scout Tower |
| 10:59 | Scout Tower |
| 10:59 | Scout Tower |
| 11:00 | Scout Tower |
| 11:00 | Scout Tower |
| 11:01 | Scout Tower |
| 11:02 | Sorceress Adept Training |
| 11:02 | Magic Sentry |
| 11:03 | Sorceress |
| 11:52 | Boots of Speed |
| 12:06 | Orb of Lightning |
| 12:06 | Lesser Clarity Potion |
| 12:07 | Healing Salve |
| 12:25 | Staff of Teleportation |
| 12:26 | Boots of Speed |
| 14:34 | Staff of Sanctuary |
| 14:49 | Farm |
| 14:49 | Farm |
| 15:17 | Cleaving Attack |
| 15:24 | Guard Tower |
| 15:27 | Guard Tower |
| 15:28 | Sorceress Master Training |
| 15:57 | Siphon Mana |
| 16:47 | Staff of Sanctuary |
| 16:52 | Priest |
| 16:52 | Priest Adept Training |
| 16:58 | Scroll of Town Portal |
| 16:59 | Scroll of Regeneration |
| 18:06 | Flame Strike |
| Right click | 863 |
| Select group | 250 |
| Select | 172 |
| Build/train/purchase | 115 |
| Use ability | 71 |
| Chat | 54 |
| Assign group | 31 |
| Misc. action | 25 |
| Item give/drop | 8 |
| Minimap ping | 2 |
⇛